 Dungeon Crawl Stone Soup version 0.24.1 (webtiles) character file.

Game seed: 14531099869825587186, levelgen mode: deterministic

81 funkygono the Digger (level 4, -3/24 HPs)
             Began as a Gargoyle Earth Elementalist on Mar 24, 2020.
             Slain by a worm (7 damage)
             ... on level 2 of the Dungeon.
             The game lasted 00:06:28 (2482 turns).

funkygono the Digger (Gargoyle Earth Elementalist)  Turns: 2482, Time: 00:06:29

Health: -3/24      AC:  8    Str: 11    XL:     4   Next: 40%
Magic:  0/7        EV:  9    Int: 17    God:
Gold:   18         SH:  3    Dex: 10    Spells: 4/8 levels left

rFire    . . .     SeeInvis .   e - +0 club
rCold    + . .     Gourm    .   j - +0 buckler
rNeg     + . .     Faith    .   g - +0 ring mail
rPois    ∞         Spirit   .   (no helmet)
rElec    +         Reflect  .   (no cloak)
rCorr    .         Harm     .   (no gloves)
MR       .....                  (no boots)
Stlth    +.........             (no amulet)
HPRegen  0.08/turn              b - ring of protection from cold
MPRegen  0.10/turn              (no ring)

@: very slightly contaminated
A: negative energy resistance 1, electricity resistance, unbreathing,
petrification resistance, rot immunity, AC +3
a: no special abilities


You were on level 2 of the Dungeon.
You were not hungry.

You visited 1 branch of the dungeon, and saw 2 of its levels.

You collected 18 gold pieces.

Inventory:

Hand Weapons
 e - a +0 club (weapon)
Armour
 c - a +0 robe
 g - a +0 ring mail (worn)
 j - a +0 buckler (worn)
Jewellery
 b - a ring of protection from cold (left hand)
Scrolls
 a - 3 scrolls of identify
Potions
 i - 2 potions of haste
Comestibles
 d - 4 rations
 f - a chunk of flesh


   Skills:
 + Level 0.2 Maces & Flails
 + Level 1.3 Armour
 + Level 1.9 Dodging
 + Level 2.3 Stealth
 + Level 2.5 Spellcasting
 * Level 0.1 Conjurations
   Level 0.7 Transmutations
 + Level 4.9 Earth Magic


You had 4 spell levels left.
You knew the following spells:

 Your Spells              Type           Power        Failure   Level  Hunger
a - Sandblast             Erth           ###...       10%         1    #......
b - Stone Arrow           Conj/Erth      ##....       58%         3    ###....

Your spell library contained the following spells:

 Spells                   Type           Power        Failure   Level  Hunger
 Passwall                 Tmut/Erth      ##......     34%         2    ##.....
 Petrify                  Tmut/Erth      ##......     92%         4    #####..
 Lee's Rapid Deconstruct  Erth           ###.......   95%         5    ######.


Dungeon Overview and Level Annotations

Branches:
Dungeon (2/15)

Altars:
Uskayaw


Innate Abilities, Weirdness & Mutations

You are resistant to torment.
Your stone body is resilient. (AC +3)
You are immune to poison.
You resist negative energy. (rN+)
You are resistant to electric shocks. (rElec)
You can survive without breathing.
You are immune to petrification.
You are immune to rotting.


Message History

* * * LOW HITPOINT WARNING * * *
Casting: Stone Arrow (quite dangerous; 58% risk of failure)
Confirm with . or Enter, or press ? or * to list all spells.
You don't have enough magic to cast that spell.
Unknown command.
Casting: Stone Arrow (quite dangerous; 58% risk of failure)
Confirm with . or Enter, or press ? or * to list all spells.
Aiming: Stone Arrow (quite dangerous; 58% risk of failure)
Press: ? - help, Shift-Dir - straight line, f/p - worm
Aim: a worm (heavily wounded)
You miscast Stone Arrow.
You are momentarily dazzled by a flash of light!
You hit the worm.
The worm is heavily wounded.
The worm bites you.
* * * LOW HITPOINT WARNING * * *
You completely miss the worm.
The worm is heavily wounded.
The worm bites you!
You die...

#.##.÷####...#..#... #.##..#
#._.#(.#... #.##..####...#(.#...
#.###...w....####... #.#
#####..........# #.#
####..........# ############.#
##.............#
##............###..............#
.#..........>...@w.#####.........
...........<...#...##...........#
..................<...##........#
................#################
...............## ####..
...............# ########....#
.#............## #........#...
.##......)...########.......#..#.
......#.######.........5.........


You could see a worm.

Vanquished Creatures
  4 adders (D:2)
  An ooze (D:2)
  A worm (D:2)
  A dart slug (D:2)
  2 leopard geckos
  4 giant cockroaches
  4 goblins
  3 hobgoblins (D:1)
  3 jackals (D:1)
  6 bats
  A frilled lizard (D:2)
  3 kobolds
33 creatures vanquished.

Notes
Turn   | Place    | Note
-------+----------+-------------------------------------------
     0 | D:1      | funkygono the Gargoyle Earth Elementalist began the quest
                  | for the Orb.
     0 | D:1      | Reached XP level 1. HP: 10/10 MP: 3/3
   134 | D:1      | Reached skill level 4 in Earth Magic
   180 | D:1      | Reached XP level 2. HP: 15/15 MP: 3/5
  1081 | D:2      | Reached XP level 3. HP: 19/19 MP: 0/6
  1279 | D:2      | Learned a level 3 spell: Stone Arrow
  1326 | D:2      | Reached skill level 1 in Armour
  1326 | D:2      | Reached XP level 4. HP: 6/24 MP: 7/7
  1670 | D:2      | Noticed a -3 hand axe
  1671 | D:2      | Found a hide-covered altar of Uskayaw.
  1671 | D:2      | Noticed a +0 hand axe
  2482 | D:2      | Slain by a worm

Levels and vault maps discovered:
D:1:      shiori_arrival_elements, layout_loops_ring
D:2:      layout_rooms, dancing_weapons_uskayaw, first_ration

Skill      XL: |  1  2  3 |
---------------+----------+-----
Earth Magic    | 4 |  4.9
Armour         | 1 |  1.3
Maces & Flails | |  0.2
Dodging        | |  1.9
Stealth        | |  2.3
Spellcasting   | |  2.5
Conjurations   | |  0.1
Transmutations | |  0.7

Action                   |  1- 3 |  4- 6 || total
-------------------------+-------+-------++-------
Melee: Club              |    37 |   120 ||   157
 Cast: Sandblast         |    35 |       ||    35
       Stone Arrow       |       |     5 ||     5
  Use: Scroll            |     2 |       ||     2
  Eat: Ration            |     1 |     1 ||     2
       Chunk             |       |     1 ||     1
Armor: Robe              |     6 |       ||     6
       Ring mail         |    18 |    68 ||    86
Dodge: Dodged            |    26 |    56 ||    82
Block: Buckler           |     6 |    14 ||    20
